 Dungeon Crawl Stone Soup version 0.16.2-12-gd0ad4c3 (webtiles) character file.

175 faibistes the Magician (level 5, -2/28 HPs)
             Began as a Deep Elf Wizard on Mar 27, 2018.
             Killed by divine providence
             ... invoked by an orc priest
              (15 damage)
             ... on level 4 of the Dungeon.
             The game lasted 00:07:10 (3182 turns).

faibistes the Magician (Deep Elf Wizard)            Turns: 3182, Time: 00:07:10

Health: -2/28      AC:  3    Str:  4    XL:     5   Next: 29%
Magic:  8/20       EV: 19    Int: 24    God:
Gold:   196        SH:  0    Dex: 13    Spells: 6 memorised, 3 levels left

rFire  . . .     SeeInvis .     j - +1 short sword (drain)
rCold  . . .     Clarity  .     a - +0 robe
rNeg   . . .     SustAb   .     (no shield)
rPois  .         Gourm    .     b - +0 hat
rElec  .         Spirit   .     p - +0 cloak
rCorr  .         Warding  .     (no gloves)
rMut   .         Stasis   .     (no boots)
MR     .....                    (no amulet)
Stlth  ++........               (no ring)
                                n - +6 ring of evasion

@: very slightly contaminated, repel missiles, not resistant to hostile
enchantments, unstealthy
A: no striking features
a: no special abilities


You were on level 4 of the Dungeon.
You were not hungry.

You visited 1 branch of the dungeon, and saw 5 of its levels.

You collected 196 gold pieces.

Inventory:

Hand weapons
 j - a +1 short sword of draining (weapon)
 l - a +0 dagger
Armour
 a - a +0 robe (worn)
 b - a +0 hat (worn)
 p - a +0 cloak (worn)
Magical staves
 B - an uncursed staff of conjuration
Jewellery
 n - a +6 ring of evasion (left hand)
Scrolls
 e - a scroll of blinking {unknown}
 h - 2 scrolls of enchant armour {unknown}
 k - 2 scrolls of teleportation {unknown}
 m - a scroll of noise {unknown}
 q - a scroll of fear {unknown}
 r - 2 scrolls of remove curse {unknown}
 v - a scroll of magic mapping {unknown}
 y - a scroll of random uselessness {unknown}
 A - a scroll of immolation {unknown}
Potions
 g - 5 potions of curing
 o - a potion of degeneration
 t - a potion of might
 u - a potion of brilliance {unknown}
 w - 2 potions of heal wounds {unknown}
 x - 2 potions of haste {unknown}
 z - 2 potions of ambrosia {unknown}
Books
 c - a book of Minor Magic

   Spells                             Type                      Level
   a - Magic Dart                     Conjuration                  1
   b - Blink                          Translocation                2
   c - Call Imp                       Summoning                    2
   d - Repel Missiles                 Charms/Air                   2
   e - Slow                           Hexes                        2
   f - Conjure Flame                  Conjuration/Fire             3
   g - Mephitic Cloud                 Conjuration/Poison/Air       3
Comestibles
 d - 2 bread rations
 f - 2 slices of pizza
 i - 2 beef jerkies
 s - 4 chunks of flesh


   Skills:
 + Level 3.6 Dodging
 - Level 2.4 Stealth
 * Level 6.2 Spellcasting
 * Level 3.7 Conjurations
 - Level 1.1 Summonings
 - Level 1.1 Translocations


You had 3 spell levels left.
You knew the following spells:

 Your Spells              Type           Power        Failure   Level  Hunger
a - Magic Dart            Conj           ####         1%          1    None
b - Conjure Flame         Conj/Fire      ###.....     14%         3    #......
c - Call Imp              Summ           ##......     10%         2    None
d - Blink                 Tloc           N/A          10%         2    None
e - Mephitic Cloud        Conj/Pois/Air  ##......     17%         3    #......
f - Repel Missiles        Chrm/Air       #.....       12%         2    None


Dungeon Overview and Level Annotations

Branches:
Dungeon (5/15)
 Temple: D:4-7

Altars:


Message History

You are very lightly contaminated with residual magic.
You feel uncomfortably hot. The worker ant bites you.
Casting: Conjure Flame
Confirm with . or Enter, or press ? or * to list all spells.
Okay, then.
Casting: Conjure Flame
Confirm with . or Enter, or press ? or * to list all spells.
Aiming: Conjure Flame
Press: ? - help, Dir - move target cursor You miscast Conjure Flame.
Nothing appears to happen.
The worker ant bites you!
The orc priest looks braver.
Casting: Conjure Flame
Confirm with . or Enter, or press ? or * to list all spells.
Aiming: Mephitic Cloud
Press: ? - help, Shift-Dir - straight line You miscast Mephitic Cloud.
Nothing appears to happen.
The orc priest mumbles some strange prayers to Beogh against you.
Something smites you!
Ouch! That really hurt!
You die...

######## #......#
##......##############
#....@a.o.............
#######.......####....######
..................+...>......
#######.##########....######
####'######## ######
#...........# #...........#
#...........# #....รท......#


You could see a worker ant and an orc priest.

Vanquished Creatures
  An orc priest (D:3)
  2 worker ants (D:4)
  A gnoll (D:1)
  An adder (D:4)
  A giant mite (D:3)
  A worm (D:2)
  2 giant geckos
  4 orcs (D:3)
  6 bats
  3 giant cockroaches (D:2)
  8 goblins
  6 hobgoblins
  4 jackals
  8 kobolds
  A ball python (D:3)
  3 giant newts
  A quokka (D:2)
  9 rats
62 creatures vanquished.

Notes
Turn   | Place    | Note
--------------------------------------------------------------
     0 | D:1      | faibistes, the Deep Elf Wizard, began the quest for the Orb.
     0 | D:1      | Reached XP level 1. HP: 10/10 MP: 6/6
   373 | D:1      | Reached XP level 2. HP: 15/15 MP: 5/10
   607 | D:1      | Learned a level 2 spell: Blink
   610 | D:1      | Learned a level 2 spell: Call Imp
   910 | D:1      | Reached skill level 5 in Spellcasting
   910 | D:1      | Reached XP level 3. HP: 19/19 MP: 5/14
   915 | D:1      | Learned a level 3 spell: Conjure Flame
   919 | D:1      | Learned a level 3 spell: Mephitic Cloud
  1819 | D:2      | Reached XP level 4. HP: 24/24 MP: 15/17
  1827 | D:2      | Learned a level 2 spell: Repel Missiles
  2649 | D:4      | Reached XP level 5. HP: 28/28 MP: 7/20
  2854 | D:4      | Reached skill level 6 in Spellcasting
  3105 | D:5      | Entered Level 5 of the Dungeon
  3182 | D:4      | Killed from afar by an orc priest

Action                   |  1- 3 |  4- 6 || total
-------------------------+-------+-------++-------
Melee: Dagger            |     1 |       ||     1
       Short sword       |       |    19 ||    19
 Cast: Magic Dart        |    93 |    56 ||   149
       Blink             |     1 |     2 ||     3
       Mephitic Cloud    |       |     3 ||     3
       Conjure Flame     |       |     1 ||     1
       Repel Missiles    |       |     1 ||     1
  Use: Scroll            |     3 |     1 ||     4
 Stab: Sleeping          |     1 |       ||     1
       Confused          |       |     1 ||     1
  Eat: Chunk             |     3 |     4 ||     7
